ITL
WISCONSIN TIMBER RATTLERS @ TOPEKA TORNADOS
06/14/2026
 
TOP OF THE 1ST
Wisconsin Timber Rattlers batting - Pitching for Topeka Tornados : LHP Seiichi Yamamoto
Pitching: LHP Seiichi Yamamoto
Batting: RHB John Denton 0-0: Ball
1-0: Foul Ball, location: 2F
1-1: Fly out, F8 (Flyball, 8RM)
Batting: RHB António Pérez 0-0: Called Strike
0-1: Ball
1-1: Swinging Strike
1-2: Fly out, F5 (Popup, 5F)
Batting: SHB Ricardo Arévalo 0-0: Foul Ball, location: 2F
0-1: Ball
1-1: Ball
2-1: Foul Ball, location: 2F
2-2: Ball
3-2: Foul Ball, location: 2F
3-2: Base on Balls
Batting: RHB Vicente Vélez 0-0: Called Strike
0-1: SINGLE (Line Drive, 7S)
Ricardo Arévalo to second
Batting: LHB Avery Hopkins 0-0: DOUBLE (Groundball, 3L)
Ricardo Arévalo scores
Vicente Vélez to third
Runner from 3rd tries for Home, SAFE, throw made home
Batting: RHB William Farmer 0-0: Called Strike
0-1: Ball
1-1: Swinging Strike
1-2: SINGLE (Groundball, 4M)
Avery Hopkins to third
Runner from 3rd tries for Home, SAFE, no throw or cutoff
Batting: SHB Bob Warren 0-0: Called Strike
0-1: Called Strike
0-2: Ball
1-2: SINGLE (Line Drive, 56D)
William Farmer to second
Batting: RHB Pablo Gonzáles 0-0: Ball
1-0: Fly out, F6 (Line Drive, 6)
Top of the 1st over - 3 run(s), 4 hit(s), 0 error(s), 2 left on base; Wisconsin 3 - Topeka 0
BOTTOM OF THE 1ST
Topeka Tornados batting - Pitching for Wisconsin Timber Rattlers : RHP Joshua Dixon
Pitching: RHP Joshua Dixon
Batting: RHB José Pinto 0-0: Ground out 5-3 (Groundball, 56)
Batting: LHB Morgan Wright 0-0: Ball
1-0: Foul Ball, location: 2F
1-1: Ball
2-1: Foul Ball, location: 2F
2-2: Ball
3-2: SINGLE (Line Drive, 89S)
Batting: RHB Alberto Campos 0-0: Ball
1-0: Fly out, F4 (Popup, 4MD)
Batting: LHB Ryan Drake 0-0: Ground out U3 (Groundball, 3)
Bottom of the 1st over - 0 run(s), 1 hit(s), 0 error(s), 1 left on base; Wisconsin 3 - Topeka 0
TOP OF THE 2ND
Wisconsin Timber Rattlers batting - Pitching for Topeka Tornados : LHP Seiichi Yamamoto
Batting: RHB Murdoch Norton 0-0: Foul Ball, location: 2F
0-1: Foul Ball, location: 2F
0-2: Ball
1-2: Strikes out swinging
Batting: RHB John Denton 0-0: Foul Ball, location: 2F
0-1: Ground out 6-3 (Groundball, 6M)
Batting: RHB António Pérez 0-0: Ball
1-0: Called Strike
1-1: Called Strike
1-2: SINGLE (Line Drive, 56D)
Batting: SHB Ricardo Arévalo 0-0: Ball
1-0: Foul Ball, location: 2F
1-1: Ball
2-1: Foul Ball, location: 2F
2-2: Ball
3-2: Ground out 6-3 (Groundball, 6)
Top of the 2nd over - 0 run(s), 1 hit(s), 0 error(s), 1 left on base; Wisconsin 3 - Topeka 0
BOTTOM OF THE 2ND
Topeka Tornados batting - Pitching for Wisconsin Timber Rattlers : RHP Joshua Dixon
Batting: LHB Yoshiaki Ohayashi 0-0: Ball
1-0: Ball
2-0: Ball
3-0: Base on Balls
Batting: RHB Bob Hall 0-0: Ball
1-0: Called Strike
1-1: SINGLE (Line Drive, 89S)
Yoshiaki Ohayashi to second
Batting: RHB Don Thomas 0-0: Called Strike
0-1: Ball
1-1: Foul Ball, location: 2F
1-2: Ball
2-2: Ball
3-2: 3-RUN HOME RUN (Flyball, 78XD), Distance : 392 ft
Batting: RHB Gabriel Santana 0-0: Foul Ball, location: 2F
0-1: Ball
1-1: Ball
2-1: Foul Ball, location: 2F
2-2: Foul Ball, location: 2F
2-2: Foul Ball, location: 2F
2-2: Ball
3-2: Foul Ball, location: 2F
3-2: Foul Ball, location: 2F
3-2: Base on Balls
Batting: LHB Rusty Clinton 0-0: Fly out, F7 (Flyball, 7M)
Batting: RHB José Pinto 0-0: Ball
1-0: Ball
2-0: Called Strike
2-1: Ball
3-1: Base on Balls
Gabriel Santana to second
Batting: LHB Morgan Wright 0-0: Called Strike
0-1: Ball
1-1: Ball
2-1: Ball
3-1: Foul Ball, location: 2F
3-2: SINGLE (Groundball, 6M)
Gabriel Santana to third
José Pinto to second
Runner from 3rd tries for Home, SAFE, throw made home
Batting: RHB Alberto Campos 0-0: Ball
1-0: Foul Ball, location: 2F
1-1: Ball
2-1: Fly out, F5 (Popup, 56S)
Batting: LHB Ryan Drake 0-0: SINGLE (Line Drive, 89M)
José Pinto to third
Morgan Wright to second
Runner from 3rd tries for Home, SAFE, no throw or cutoff
Batting: LHB Yoshiaki Ohayashi 0-0: Swinging Strike
0-1: Foul Ball, location: 2F
0-2: Ball
Wild Pitch!
Morgan Wright to third
Ryan Drake to second
1-2: Foul Ball, location: 2F
1-2: Strikes out swinging
Bottom of the 2nd over - 5 run(s), 4 hit(s), 0 error(s), 2 left on base; Wisconsin 3 - Topeka 5
TOP OF THE 3RD
Wisconsin Timber Rattlers batting - Pitching for Topeka Tornados : LHP Seiichi Yamamoto
Batting: RHB Vicente Vélez 0-0: Ball
1-0: Called Strike
1-1: Ball
2-1: Ball
3-1: Foul Ball, location: 2F
3-2: Foul Ball, location: 2F
3-2: DOUBLE (Line Drive, 5D)
Batting: LHB Avery Hopkins 0-0: Fly out, F7 (Flyball, 78M)
Batting: RHB William Farmer 0-0: Called Strike
0-1: Ball
1-1: Ball
2-1: Foul Ball, location: 2F
2-2: Strikes out looking
Batting: SHB Bob Warren 0-0: Fly out, F9 (Flyball, 9M)
Top of the 3rd over - 0 run(s), 1 hit(s), 0 error(s), 1 left on base; Wisconsin 3 - Topeka 5
BOTTOM OF THE 3RD
Topeka Tornados batting - Pitching for Wisconsin Timber Rattlers : RHP Joshua Dixon
Batting: RHB Bob Hall 0-0: Ball
1-0: Swinging Strike
1-1: Ball
2-1: Ball
3-1: Fly out, F3 (Popup, 23F)
Batting: RHB Don Thomas 0-0: Foul Ball, location: 2F
0-1: Ball
1-1: Swinging Strike
1-2: Ground out 5-3 (Groundball, 6)
Batting: RHB Gabriel Santana 0-0: Called Strike
0-1: Ball
1-1: Ground out 1-3 (Groundball, 15)
Bottom of the 3rd over - 0 run(s), 0 hit(s), 0 error(s), 0 left on base; Wisconsin 3 - Topeka 5
TOP OF THE 4TH
Wisconsin Timber Rattlers batting - Pitching for Topeka Tornados : LHP Seiichi Yamamoto
Batting: RHB Pablo Gonzáles 0-0: Ball
1-0: Foul Ball, location: 2F
1-1: Ball
2-1: Ball
3-1: Base on Balls
Batting: RHB Murdoch Norton 0-0: Ball
1-0: DOUBLE (Flyball, 7LD)
Pablo Gonzáles to third
Batting: RHB John Denton 0-0: Ball
1-0: Foul Ball, location: 2F
1-1: Ball
2-1: Fly out, F4 (Popup, 4M)
Batting: RHB António Pérez 0-0: Swinging Strike
0-1: Swinging Strike
0-2: Foul Ball, location: 2F
0-2: Strikes out looking
Batting: SHB Ricardo Arévalo 0-0: Ball
1-0: Ball
2-0: Called Strike
2-1: Foul Ball, location: 2F
2-2: Ball
3-2: Base on Balls
Batting: RHB Vicente Vélez 0-0: Foul Ball, location: 2F
0-1: Ball
1-1: SINGLE (Line Drive, 6MD)
Pablo Gonzáles scores
Murdoch Norton to third
Ricardo Arévalo to second
Runner from 3rd tries for Home, SAFE, no throw or cutoff
Batting: LHB Avery Hopkins 0-0: Ball
1-0: Swinging Strike
1-1: Ground out 4-3 (Groundball, 34)
Top of the 4th over - 2 run(s), 2 hit(s), 0 error(s), 2 left on base; Wisconsin 5 - Topeka 5
BOTTOM OF THE 4TH
Topeka Tornados batting - Pitching for Wisconsin Timber Rattlers : RHP Joshua Dixon
Batting: LHB Rusty Clinton 0-0: Called Strike
0-1: Ground out 4-3 (Groundball, 4)
Batting: RHB José Pinto 0-0: Called Strike
0-1: Ball
1-1: Ball
2-1: Called Strike
2-2: Ball
3-2: Foul Ball, location: 2F
3-2: Foul Ball, location: 2F
3-2: Strikes out looking
Batting: LHB Morgan Wright 0-0: Ball
1-0: Called Strike
1-1: Called Strike
1-2: Fly out, F8 (Flyball, 8RXD)
Bottom of the 4th over - 0 run(s), 0 hit(s), 0 error(s), 0 left on base; Wisconsin 5 - Topeka 5
TOP OF THE 5TH
Wisconsin Timber Rattlers batting - Pitching for Topeka Tornados : LHP Seiichi Yamamoto
Batting: RHB William Farmer 0-0: Ball
1-0: Swinging Strike
1-1: Swinging Strike
1-2: Ball
2-2: Foul Ball, location: 2F
2-2: Ball
3-2: Base on Balls
Batting: SHB Bob Warren 0-0: Ball
1-0: Called Strike
1-1: Ball
2-1: Called Strike
2-2: Strikes out looking
Batting: RHB Pablo Gonzáles 0-0: Called Strike
0-1: Ball
1-1: Ball
2-1: Ball
3-1: Foul Ball, location: 2F
3-2: Strikes out swinging
Pitching: RHP Masamichi Samurakami
Batting: RHB Murdoch Norton 0-0: Ball
William Farmer steals 2nd base
1-0: Swinging Strike
1-1: Swinging Strike
1-2: Ball
2-2: Ball
3-2: Strikes out swinging
Top of the 5th over - 0 run(s), 0 hit(s), 0 error(s), 1 left on base; Wisconsin 5 - Topeka 5
BOTTOM OF THE 5TH
Topeka Tornados batting - Pitching for Wisconsin Timber Rattlers : RHP Joshua Dixon
Batting: RHB Alberto Campos 0-0: Ball
1-0: Ball
2-0: Ball
3-0: Called Strike
3-1: Base on Balls
Batting: LHB Ryan Drake 0-0: Foul Ball, location: 2F
0-1: Foul Ball, location: 2F
0-2: Strikes out swinging
Batting: LHB Yoshiaki Ohayashi 0-0: Ball
1-0: Ball
2-0: Ball
3-0: Called Strike
3-1: 2-RUN HOME RUN (Flyball, 89XD), Distance : 382 ft
Batting: RHB Bob Hall 0-0: Called Strike
0-1: Ball
1-1: Ball
2-1: Ball
3-1: Base on Balls
Batting: RHB Don Thomas 0-0: Foul Ball, location: 2F
0-1: Fielders Choice at 2nd, 6-4 (Groundball, 6)
Batting: RHB Gabriel Santana 0-0: Ball
1-0: Ball
2-0: Ball
3-0: Base on Balls
Don Thomas to second
Pitching: RHP Drew Bailey
Batting: LHB Rusty Clinton 0-0: Ball
1-0: Ball
2-0: Called Strike
2-1: Ball
3-1: DOUBLE (Groundball, 3L)
Don Thomas scores
Gabriel Santana to third
Batting: RHB José Pinto 0-0: Fly out, F9 (Flyball, 9M)
Bottom of the 5th over - 3 run(s), 2 hit(s), 0 error(s), 2 left on base; Wisconsin 5 - Topeka 8
TOP OF THE 6TH
Wisconsin Timber Rattlers batting - Pitching for Topeka Tornados : RHP Masamichi Samurakami
Batting: RHB John Denton 0-0: Swinging Strike
0-1: Swinging Strike
0-2: Ball
1-2: Ball
2-2: Strikes out swinging
Batting: RHB António Pérez 0-0: Swinging Strike
0-1: Ball
1-1: Ball
2-1: Swinging Strike
2-2: Strikes out swinging
Batting: SHB Ricardo Arévalo 0-0: SINGLE (Line Drive, 7LS)
Batting: RHB Vicente Vélez 0-0: Called Strike
0-1: Foul Ball, location: 2F
0-2: Ball
1-2: Ball
2-2: Foul Ball, location: 2F
2-2: Ground out 5-3 (Groundball, 5S)
Top of the 6th over - 0 run(s), 1 hit(s), 0 error(s), 1 left on base; Wisconsin 5 - Topeka 8
BOTTOM OF THE 6TH
Topeka Tornados batting - Pitching for Wisconsin Timber Rattlers : RHP Drew Bailey
Batting: LHB Morgan Wright 0-0: Foul Ball, location: 2F
0-1: Ball
1-1: Ball
2-1: Swinging Strike
2-2: Ball
3-2: Strikes out swinging
Batting: RHB Alberto Campos 0-0: Foul Ball, location: 2F
0-1: Ball
1-1: Swinging Strike
1-2: Fly out, F4 (Popup, 4D)
Batting: LHB Ryan Drake 0-0: Called Strike
0-1: Ball
1-1: Swinging Strike
1-2: Fly out, F7 (Flyball, 78M)
Bottom of the 6th over - 0 run(s), 0 hit(s), 0 error(s), 0 left on base; Wisconsin 5 - Topeka 8
TOP OF THE 7TH
Wisconsin Timber Rattlers batting - Pitching for Topeka Tornados : RHP Masamichi Samurakami
Batting: LHB Avery Hopkins 0-0: Ball
1-0: Swinging Strike
1-1: Ball
2-1: Called Strike
2-2: Strikes out swinging
Batting: RHB William Farmer 0-0: Swinging Strike
0-1: Ball
1-1: Ball
2-1: DOUBLE (Line Drive, 8RD)
Batting: SHB Bob Warren 0-0: Called Strike
0-1: Swinging Strike
0-2: Strikes out looking
Batting: RHB Pablo Gonzáles 0-0: Called Strike
0-1: Ball
1-1: Fly out, F4 (Popup, 3DF)
Top of the 7th over - 0 run(s), 1 hit(s), 0 error(s), 1 left on base; Wisconsin 5 - Topeka 8
BOTTOM OF THE 7TH
Topeka Tornados batting - Pitching for Wisconsin Timber Rattlers : RHP Drew Bailey
Batting: LHB Yoshiaki Ohayashi 0-0: Ball
1-0: Swinging Strike
1-1: Ball
2-1: Called Strike
2-2: Ground out U3 (Groundball, 3L)
Batting: RHB Bob Hall 0-0: Called Strike
0-1: SINGLE (Line Drive, 6D)
Batting: RHB Don Thomas 0-0: Ball
1-0: Grounds into double play, 5-4-3 (Groundball, 56)
Bottom of the 7th over - 0 run(s), 1 hit(s), 0 error(s), 0 left on base; Wisconsin 5 - Topeka 8
TOP OF THE 8TH
Wisconsin Timber Rattlers batting - Pitching for Topeka Tornados : RHP Masamichi Samurakami
Pitching: LHP Glenn Tutt
Now at 3B: Armando Méndez
Batting: RHB Murdoch Norton 0-0: Ball
1-0: Ground out 2-3 (Groundball, 23)
Batting: RHB John Denton 0-0: Ball
1-0: Ground out 6-3 (Groundball, 6)
Batting: RHB António Pérez 0-0: Called Strike
0-1: Swinging Strike
0-2: Foul Ball, location: 2F
0-2: Strikes out swinging
Top of the 8th over - 0 run(s), 0 hit(s), 0 error(s), 0 left on base; Wisconsin 5 - Topeka 8
BOTTOM OF THE 8TH
Topeka Tornados batting - Pitching for Wisconsin Timber Rattlers : RHP Drew Bailey
Batting: RHB Gabriel Santana 0-0: Ball
1-0: Ball
2-0: Fly out, F8 (Flyball, 8LM)
Batting: LHB Rusty Clinton 0-0: Fly out, F7 (Flyball, 78M)
Batting: RHB José Pinto 0-0: Called Strike
0-1: SINGLE (Line Drive, 8RS)
Batting: LHB Morgan Wright 0-0: Ball
1-0: Foul Ball, location: 2F
1-1: Foul Ball, location: 2F
1-2: Ball
2-2: Foul Ball, location: 2F
2-2: Ground out 4-3 (Groundball, 34)
Bottom of the 8th over - 0 run(s), 1 hit(s), 0 error(s), 1 left on base; Wisconsin 5 - Topeka 8
TOP OF THE 9TH
Wisconsin Timber Rattlers batting - Pitching for Topeka Tornados : LHP Glenn Tutt
Pitching: RHP Alberto Vásquez
Now at 1B: Ramón Pérez
Batting: SHB Ricardo Arévalo 0-0: Ball
1-0: Ball
2-0: Foul Ball, location: 2F
2-1: Foul Ball, location: 2F
2-2: Ball
3-2: Ground out 4-3 (Groundball, 4)
Batting: RHB Vicente Vélez 0-0: Foul Ball, location: 2F
0-1: Called Strike
0-2: Ball
1-2: Foul Ball, location: 2F
1-2: Ball
2-2: Strikes out swinging
Batting: LHB Avery Hopkins 0-0: Swinging Strike
0-1: Ball
1-1: Ground out U3 (Groundball, 3)
Top of the 9th over - 0 run(s), 0 hit(s), 0 error(s), 0 left on base; Wisconsin 5 - Topeka 8
Monday, December 5th, 2016 - OOTP Baseball 17.12 Build 75